AoeStats
← Křovák

Hideout

507259467Analyzed
1v1 RM · 16d ago on Sep 17, 2026· 34m 21s· 2 players
Game mode
Random Map
Map size
Tiny (2 player)
Population
200
Speed
Normal
Resources
Standard
Victory
Conquest
Starting age
Dark Age
Ending age
Imperial Age
RankedLock teamsTeams togetherTeam positionsShared explorationLock speedFull tech treeHidden civsTurbo modeCheats
Victory
Defeat
🇺🇸 Hindustanis · United States
854
+17
🇨🇿 Malians · Czechia
885
-17
TurinTuraw
11:51 Feudal Age
12:57 Double-Bit Axe
13:30 Loom
15:58 Castle Age
14:25 Horse Collar
14:39 Gold Mining
16:18 Forging
19:26 Scale Barding Armor
20:58 Bow Saw
22:49 Squires
23:05 Pikeman
23:31 Arson
24:56 Heavy Plow
26:20 Wheelbarrow
25:34 Town Watch
26:41 Fletching
28:14 Hand Cart
28:23 Padded Archer Armor
28:22 Bodkin Arrow
30:15 Thumb Ring
30:26 Bloodlines
33:19 Iron Casting
32:44 Padded Archer Armor
33:26 Husbandry
Křovák
7:45 Loom
10:47 Feudal Age
11:41 Double-Bit Axe
12:26 Horse Collar
20:44 Castle Age
22:12 Bow Saw
22:04 Heavy Plow
24:37 Fletching
26:40 Pikeman
31:33 Bodkin Arrow
34:32 Imperial Age
Connection lost

Rejoining the realm…

Still unreachable

The connection could not be restored.

Session expired

The server has moved on; the page needs a fresh start.